Map: Efflorescence LE

Players

qqq

  • Race: Zerg Zerg
  • Spawn Location: 6:00

Massa

  • Race: Terran Terran
  • League: Platinum
  • Spawn Location: 9:00

Kepons - Winner!

  • Race: Terran Terran
  • League: Diamond
  • Spawn Location: 12:00

Zergatul - Winner!

  • Race: Protoss Protoss
  • League: Diamond
  • Spawn Location: 3:00

VOD

Have the link to the VOD?

Description

Time

  • Played on: Nov. 17, 2020, 3:37 p.m.
  • Length: 16:26
Show
View Real Time Build Order
Export as new Build Order

qqq Zerg 

Build Orders: Hatch First 

Get SALT Encoding   

  12  0:05  Drone  
  13  0:08  Drone  
  14  0:39  Hatchery  
  13  0:44  Drone  
  14  0:51  Overlord  
  14  1:08  Spawning Pool  
  14  1:10  Drone  
  14  1:19  Drone x2  
  16  1:27  Drone  
  16  1:28  Extractor  
  17  1:34  Drone  
  17  1:35  Extractor  
  17  1:43  Drone  
  18  1:56  Queen  
  18  1:59  Drone  
  23  2:04  Drone  
  22  2:26  Zergling x4  
  22  2:28  Hatchery  
  23  2:30  Overlord  
  23  2:50  Overlord x2  
  23  2:53  Metabolic Boost  
  22  3:05  Overlord  
  22  3:08  Zergling x4  
  22  3:09  Zergling x2  
  25  3:16  Zergling x2  
  26  3:33  Zergling x2  
  27  3:40  Zergling x2  
  27  3:51  Zergling x6  
  30  3:57  Queen  
  32  4:05  Zergling x2  
  32  4:09  Zergling x2  
  34  4:13  Zergling x2  
  35  4:17  Drone  
  35  4:20  Drone  
  37  4:27  Hatchery  
  36  4:36  Drone, Zergling x6  
  29  4:46  Zergling x4  
  29  4:47  Zergling x2  
  29  4:48  Drone  
  31  5:01  Spine Crawler  
  31  5:04  Spine Crawler  
  31  5:06  Drone  
  30  5:15  Spine Crawler  
  30  5:17  Drone  
  29  5:25  Spine Crawler  
  29  5:28  Drone  
  29  5:31  Drone  
  29  5:35  Drone  
  31  5:38  Drone  
  32  5:48  Drone  
  32  5:49  Drone x2  
  35  5:52  Drone  
  36  6:05  Drone x4  
  36  6:11  Lair  
  40  6:21  Spine Crawler x2  
  38  6:29  Drone x2  
  38  6:30  Spine Crawler  
  39  6:38  Drone x4  
  43  6:40  Drone  
  43  6:46  Extractor  
  41  7:00  Drone  
  41  7:01  Drone  
  42  7:06  Zergling x8  
  47  7:08  Drone, Zergling x2  
  47  7:09  Drone  
  46  7:24  Drone  
  47  7:35  Drone  
  48  7:41  Spire  
  47  7:49  Drone  
  47  7:50  Overlord x2  
  48  7:51  Drone x2  
  48  7:58  Drone, Spine Crawler  
  50  7:59  Hatchery, Drone  
  50  8:01  Extractor  
  50  8:03  Extractor  
  48  8:10  Overlord  
  48  8:11  Drone x3, Infestation Pit  
  50  8:19  Drone x2  
  52  8:26  Spine Crawler  
  49  8:48  Drone x3  
  49  8:49  Drone x3  
  49  8:53  Spine Crawler  
  53  9:10  Mutalisk x2  
  53  9:11  Mutalisk  
  53  9:12  Mutalisk x4  
  67  9:23  Corruptor x2  
  71  9:34  Corruptor  
  65  10:02  Corruptor  
  65  10:05  Drone x5  
  69  10:16  Corruptor  
  69  10:18  Drone x6  
  77  10:35  Corruptor  
  79  10:47  Overlord x3  
  79  10:53  Extractor  
  79  10:54  Extractor  
  79  10:55  Extractor  
  76  10:57  Extractor  
  75  11:04  Mutalisk  
  75  11:06  Drone x5  
  75  11:07  Drone x2  
  84  11:11  Hive  
  84  11:13  Zerg Flyer Weapons Level 1  
  84  11:14  Hatchery  
  82  11:20  Mutalisk  
  82  11:21  Drone x2, Mutalisk  
  82  11:22  Drone  
  82  11:23  Drone  
  89  11:31  Mutalisk  
  70  11:56  Corruptor x3  
  73  12:10  Corruptor  
  73  12:11  Hatchery, Corruptor  
  73  12:12  Drone x2  
  73  12:13  Drone x3  
  81  12:21  Mutalisk  
  82  12:24  Drone  
  82  12:25  Drone  
  84  12:38  Corruptor  
  84  12:39  Drone  
  87  12:53  Drone x2  
  87  12:54  Drone x2  
  87  12:55  Hatchery  
  87  12:58  Zergling x8  
  91  12:59  Zergling x2  
  92  13:10  Mutalisk x2  
  95  13:13  Drone x2  
  95  13:24  Viper x3  
  104  13:37  Overlord x2  
  104  13:40  Hatchery  
  103  13:46  Drone  
  99  14:08  Mutalisk x4  
  99  14:09  Drone x5  
  113  14:10  Drone  
  113  14:27  Corruptor  
  113  14:28  Mutalisk x5  
  113  14:29  Drone  
  126  14:31  Overlord x2  
  126  14:37  Spore Crawler  
  123  14:50  Mutalisk x4  
  123  14:52  Drone x3  
  113  15:04  Drone  
  113  15:05  Drone x8  
  113  15:06  Drone  
  123  15:08  Viper  
  126  15:17  Queen  
  126  15:25  Drone x2  
  126  15:26  Drone x4  
  130  15:36  Spine Crawler  
  130  15:37  Spine Crawler  
  130  15:39  Spine Crawler  
  101  16:04  Drone x4  
  101  16:05  Drone x2  
Show
View Real Time Build Order
Export as new Build Order

Massa Terran 

Build Orders:  

Get SALT Encoding   

  12  0:00  SCV  
  13  0:12  SCV  
  14  0:18  Supply Depot  
  14  0:24  SCV  
  15  0:39  SCV  
  15  0:40  Barracks  
  16  0:48  Supply Depot  
  16  0:51  SCV  
  17  1:03  SCV  
  18  1:08  Barracks  
  18  1:16  SCV  
  19  1:20  Refinery  
  19  1:28  SCV  
  20  1:43  Refinery  
  20  1:44  Barracks  
  20  1:46  Orbital Command  
  20  1:53  Marine  
  21  2:02  Reaper  
  22  2:13  Marine  
  23  2:21  SCV  
  24  2:29  Factory  
  24  2:33  Marine  
  24  2:34  Marine  
  24  2:36  Barracks Tech Lab  
  26  2:52  Marine  
  26  2:53  Marine  
  26  2:57  Supply Depot  
  28  3:00  Supply Depot  
  28  3:01  Supply Depot  
  28  3:10  Marine x2  
  30  3:37  Marauder, Marine x2  
  30  3:39  Factory Tech Lab  
  32  3:41  Stimpack  
  33  3:58  Marauder, Marine x2  
  37  4:06  Siege Tank  
  40  4:16  Marine x2  
  42  4:20  Marauder  
  44  4:34  Marine x2  
  46  4:41  Marauder  
  47  4:52  Marine x2  
  36  5:03  Marauder  
  38  5:09  Marine  
  37  5:16  Command Center  
  37  5:17  Marine  
  38  5:24  Marauder  
  38  5:28  Marine  
  39  5:34  Widow Mine  
  42  5:45  Marauder, Marine  
  42  5:46  Marine  
  46  5:53  SCV  
  46  5:55  Widow Mine  
  49  6:05  SCV  
  49  6:07  Marauder  
  52  6:17  SCV  
  53  6:28  Marauder  
  53  6:29  Marine  
  53  6:30  SCV, Barracks Tech Lab  
  53  6:32  Siege Tank  
  60  6:50  Starport, Marauder  
  60  6:51  Starport, Combat Shield  
  60  6:54  Concussive Shells  
  62  6:56  Marauder, Marine  
  65  7:04  Widow Mine  
  65  7:08  Engineering Bay  
  67  7:11  Marauder  
  67  7:13  Marine  
  70  7:26  Marine  
  70  7:28  Widow Mine  
  66  7:49  Medivac x2  
  70  7:57  Missile Turret  
  70  7:59  Missile Turret  
  70  8:01  Missile Turret  
  70  8:05  Supply Depot  
  70  8:13  Supply Depot x2  
  70  8:15  Supply Depot  
  70  8:18  Missile Turret  
  70  8:23  Starport Reactor x2  
  70  8:26  SCV, Cyclone  
  74  8:54  Orbital Command  
  74  8:58  SCV, Command Center  
  68  9:10  SCV  
  63  9:23  SCV  
  43  9:35  SCV  
  41  9:40  Viking  
  40  9:51  SCV  
  41  10:03  SCV  
  41  10:04  Cyclone  
  47  10:26  Missile Turret  
  43  10:30  Missile Turret  
  40  11:05  Factory  
  40  11:09  SCV x2  
  42  11:21  SCV x2  
  44  11:32  Marine x2  
  44  11:33  SCV, Marine  
  48  11:42  Factory  
  48  11:50  Marine x3  
  46  12:08  Marine  
  46  12:10  Cyclone  
  50  12:17  Starport, SCV x2  
  52  12:29  SCV x2, Missile Turret  
  54  12:34  Missile Turret  
  54  12:35  Missile Turret  
  54  12:41  SCV x2  
  56  12:51  Sensor Tower  
  56  12:54  Missile Turret  
  56  12:59  Widow Mine  
  56  13:02  SCV x2  
  60  13:14  SCV  
  60  13:18  Marauder, Marine x2  
  65  13:20  Widow Mine  
  67  13:36  Marine x2  
  67  13:39  Marine  
  70  13:41  Widow Mine  
  72  13:53  Marine  
  65  14:08  Marauder x2  
  66  14:11  Marine  
  67  14:18  Missile Turret  
  67  14:19  Missile Turret  
  67  14:20  SCV x2  
  65  14:29  Marauder, Marine x2  
  65  14:30  Missile Turret  
  65  14:31  Missile Turret  
  69  14:32  SCV x2  
  69  14:35  Missile Turret  
  69  14:37  Missile Turret x2  
  71  14:39  Missile Turret  
  71  14:44  SCV x2  
  73  14:47  Marauder, Marine  
  73  14:50  Marine  
  73  14:51  Missile Turret  
  77  14:54  Missile Turret  
  77  14:56  SCV x2, Missile Turret  
  80  15:09  Marauder x2  
  83  15:16  Barracks Reactor  
  83  15:17  Armory  
  73  15:29  Marine  
  73  15:32  Marauder  
  73  15:34  Command Center  
  74  15:38  Factory Reactor  
  74  15:48  Marauder  
  58  16:02  Marauder, Marine x2  
Show
View Real Time Build Order
Export as new Build Order

Kepons Terran - Winner!

Build Orders: 2 Factory, Hellion Opening 

Get SALT Encoding   

  12  0:00  SCV  
  13  0:12  SCV  
  14  0:18  Supply Depot  
  14  0:24  SCV  
  15  0:32  Refinery  
  15  0:40  SCV  
  16  0:46  Barracks  
  16  0:52  SCV  
  17  1:04  SCV  
  18  1:24  Supply Depot  
  18  1:28  SCV  
  19  1:35  Marine  
  20  1:42  Orbital Command  
  20  1:47  Refinery  
  20  1:48  Factory  
  20  2:03  Marine  
  21  2:09  SCV  
  21  2:14  Factory  
  22  2:32  SCV  
  22  2:35  Barracks Reactor  
  23  2:38  Factory Tech Lab  
  23  2:39  Supply Depot  
  23  2:44  SCV  
  24  2:58  Infernal Pre-Igniter  
  24  3:05  Supply Depot  
  24  3:18  SCV  
  25  3:29  Hellion  
  25  3:30  Hellion x2  
  31  3:47  Supply Depot  
  31  3:51  Hellion x3  
  37  3:58  SCV  
  37  4:01  Command Center  
  38  4:10  Supply Depot  
  38  4:15  Hellion x2  
  42  4:19  Hellion  
  44  4:39  Hellion x2  
  46  4:59  Hellion  
  44  5:00  Hellion x2  
  48  5:20  Widow Mine  
  50  5:21  Widow Mine  
  46  5:35  Orbital Command, Armory  
  46  5:37  Refinery  
  46  5:39  Starport, SCV  
  46  5:41  Siege Tank  
  50  5:54  SCV  
  51  6:02  Starport  
  51  6:04  SCV  
  52  6:06  SCV  
  53  6:18  Starport Tech Lab, SCV  
  54  6:20  Fusion Core  
  54  6:22  SCV  
  54  6:24  Supply Depot  
  55  6:26  Engineering Bay  
  55  6:30  SCV  
  56  6:34  SCV  
  57  6:42  SCV  
  48  7:30  SCV  
  48  7:31  Refinery, SCV  
  48  7:34  Starport Tech Lab  
  48  7:35  Terran Ship Weapons Level 1  
  44  7:37  Armory, Supply Depot  
  44  7:40  Siege Tank  
  44  7:41  Widow Mine x2  
  44  7:42  SCV  
  44  7:43  SCV  
  53  7:54  SCV  
  53  7:55  SCV  
  53  7:56  Battlecruiser x2  
  53  7:57  Weapon Refit  
  67  8:04  Missile Turret  
  67  8:06  SCV  
  67  8:07  SCV  
  69  8:18  SCV  
  70  8:25  Starport, Terran Vehicle And Ship Armor Level 1, Missile Turret  
  70  8:27  Supply Depot  
  70  8:32  Factory Tech Lab  
  70  8:36  SCV  
  70  8:38  SCV  
  72  8:42  Supply Depot  
  72  8:48  SCV  
  73  9:05  SCV  
  73  9:06  SCV  
  73  9:08  Supply Depot x2  
  75  9:12  Command Center  
  75  9:17  SCV  
  75  9:18  SCV  
  77  9:45  Battlecruiser x2  
  89  10:06  Terran Ship Weapons Level 2  
  89  10:35  Terran Vehicle And Ship Armor Level 2  
  89  10:49  Battlecruiser x2  
  101  10:57  SCV  
  101  11:03  Supply Depot  
  102  11:04  Supply Depot  
  102  11:09  SCV  
  103  11:18  Siege Tank x2  
  109  11:27  Supply Depot  
  109  11:31  Refinery  
  109  11:35  SCV  
  109  11:36  Refinery  
  109  11:37  SCV  
  111  11:45  Orbital Command  
  111  11:47  Missile Turret  
  111  11:48  SCV  
  111  11:49  SCV  
  111  11:51  Starport  
  111  11:52  Starport  
  113  12:00  SCV  
  113  12:01  SCV  
  115  12:12  SCV  
  115  12:13  SCV  
  115  12:14  Sensor Tower  
  117  12:19  SCV  
  118  12:24  SCV  
  118  12:25  Hi-Sec Auto Tracking  
  118  12:26  Terran Ship Weapons Level 3  
  118  12:28  Supply Depot  
  119  12:30  Command Center  
  119  12:31  SCV  
  119  12:36  SCV  
  121  12:43  SCV  
  122  12:45  Starport x2  
  122  12:48  SCV  
  123  12:54  Battlecruiser  
  123  12:55  SCV  
  130  13:00  SCV  
  131  13:07  SCV, Missile Turret  
  131  13:11  Refinery  
  132  13:13  Refinery  
  132  13:24  Command Center  
  132  13:27  Starport Reactor x3  
  132  13:28  Starport Reactor, Missile Turret  
  132  13:38  Missile Turret  
  132  13:41  Missile Turret x2  
  132  13:43  Planetary Fortress, Missile Turret  
  132  13:47  Missile Turret  
  132  13:49  Missile Turret  
  132  13:51  Viking x2  
  136  13:57  Supply Depot  
  136  14:04  Battlecruiser x2  
  148  14:19  Supply Depot  
  148  14:25  Viking x2  
  148  14:26  Viking x2  
  148  14:27  Viking x2  
  148  14:28  Viking  
  156  15:00  Viking x2  
  156  15:01  Viking x5  
  156  15:02  Viking x2  
Show
View Real Time Build Order
Export as new Build Order

Zergatul Protoss - Winner!

Build Orders: Cannon Rush 

Get SALT Encoding   

  12  0:16  Pylon  
  12  0:20  Probe  
  13  0:33  Probe  
  13  0:34  Gateway  
  14  0:45  Probe  
  15  0:54  Forge  
  15  1:00  Probe (Chrono Boost)  
  16  1:10  Probe (Chrono Boost)  
  17  1:18  Pylon  
  17  1:26  Probe  
  18  1:37  Photon Cannon  
  18  1:39  Photon Cannon  
  18  1:50  Cybernetics Core  
  18  1:58  Photon Cannon  
  18  2:05  Assimilator  
  18  2:11  Probe  
  19  2:23  Probe  
  20  2:30  Photon Cannon  
  20  2:35  Shield Battery  
  20  2:41  Probe (Chrono Boost)  
  21  2:46  Pylon  
  21  2:53  Probe (Chrono Boost)  
  22  3:04  Pylon  
  20  3:22  Nexus  
  19  3:28  Probe  
  20  3:38  Assimilator  
  20  3:43  Photon Cannon  
  20  3:47  Probe (Chrono Boost)  
  21  3:59  Probe (Chrono Boost)  
  22  4:04  Robotics Facility  
  22  4:05  Probe (Chrono Boost)  
  23  4:12  Sentry  
  23  4:13  Probe (Chrono Boost), Warp Gate (Chrono Boost)  
  25  4:26  Probe (Chrono Boost)  
  26  4:34  Probe (Chrono Boost), Pylon, Stalker  
  28  4:38  Probe (Chrono Boost)  
  28  4:40  Probe  
  31  5:01  Probe x2  
  33  5:07  Assimilator  
  33  5:12  Assimilator  
  33  5:13  Probe x2  
  35  5:24  Warp Prism, Robotics Bay  
  37  5:33  Probe  
  37  5:34  Probe  
  39  5:43  Robotics Bay  
  39  5:46  Stargate  
  39  5:51  Gateway  
  39  5:59  Gateway  
  39  6:06  Probe x2  
  39  6:10  Adept  
  43  6:13  Gravitic Drive (Chrono Boost)  
  43  6:20  Probe (Chrono Boost)  
  45  6:26  Probe (Chrono Boost)  
  45  6:31  Probe (Chrono Boost)  
  46  6:35  Probe (Chrono Boost)  
  46  6:39  Colossus  
  53  6:50  Probe  
  54  6:58  Pylon  
  54  7:03  Extended Thermal Lance  
  54  7:09  Probe  
  53  7:21  Stalker  
  53  7:22  Sentry, Adept  
  59  7:23  Probe x2  
  57  7:35  Probe x2, Immortal (Chrono Boost)  
  59  7:44  Pylon  
  59  7:47  Probe x2  
  59  7:48  Pylon x2  
  61  7:53  Pylon  
  61  7:56  Void Ray  
  65  8:10  Pylon  
  65  8:12  Photon Cannon  
  65  8:14  Shield Battery  
  65  8:18  Disruptor  
  68  8:31  Probe x2  
  68  8:33  Void Ray  
  74  8:54  Disruptor  
  77  8:59  Probe x2  
  77  9:02  Stalker x2  
  83  9:11  Probe x2  
  83  9:13  Gravitic Boosters  
  79  9:23  Probe x2  
  81  9:36  Probe x2  
  81  9:37  Nexus  
  83  9:48  Probe  
  83  9:52  Stalker x3  
  90  9:54  Stargate  
  90  9:57  Stargate  
  90  9:59  Stargate  
  90  10:01  Probe x2, Fleet Beacon  
  90  10:03  Twilight Council  
  92  10:17  Phoenix (Chrono Boost)  
  94  10:23  Pylon  
  94  10:29  Stalker x2  
  94  10:30  Sentry  
  94  10:31  Assimilator  
  94  10:33  Phoenix (Chrono Boost)  
  102  10:40  Pylon  
  102  10:41  Probe x2  
  104  10:43  Observer  
  105  10:53  Probe x2  
  107  11:02  Photon Cannon  
  107  11:03  Shield Battery  
  107  11:06  Probe x2, Photon Cannon  
  107  11:07  Probe  
  107  11:08  Shield Battery  
  107  11:40  Zealot x2  
  107  11:41  Zealot  
  97  12:01  Flux Vanes  
  97  12:02  Void Ray x4  
  97  12:04  Stalker  
  97  12:05  Stalker x2  
  111  12:16  Nexus  
  111  12:19  Charge (Chrono Boost), Pylon  
  111  12:21  Pylon  
  111  12:24  Assimilator  
  111  12:25  Forge  
  111  12:30  Assimilator  
  111  12:31  Stalker  
  113  12:39  Void Ray  
  113  12:42  Assimilator  
  113  12:48  Stalker x2  
  121  12:52  Forge  
  121  12:55  Photon Cannon  
  121  12:57  Probe x2  
  121  12:58  Probe, Shield Battery  
  124  13:00  Photon Cannon  
  124  13:02  Shield Battery  
  124  13:09  Probe  
  125  13:17  Void Ray x3  
  125  13:26  Stalker x3  
  143  13:27  Observer  
  143  13:31  Cybernetics Core  
  144  13:35  Protoss Ground Weapons Level 1, Protoss Ground Armor Level 1  
  144  13:52  Blink  
  144  14:00  Sentry x3  
  148  14:03  Void Ray x2  
  150  14:29  Stalker  
  150  14:30  Stalker x2  
  156  14:35  Void Ray  
  160  14:59  Stalker  
  162  15:00  Stalker  
  164  15:13  Pylon  
  164  15:15  Pylon  
  164  15:18  Pylon  
  164  15:21  Pylon  
  164  15:29  Observer  
  155  15:51  Observer  
  159  16:05  Robotics Facility  
  159  16:09  Gateway x2  
  159  16:13  Gateway  
  159  16:14  Gateway x3  
  159  16:17  Gateway  
  165  16:19  Pylon  
  165  16:20  Gateway, Pylon, Forge  
  165  16:22  Gateway  
  165  16:24  Pylon  
Tags
 
Add a new tag
Caveats
  • Supply blocks, unpowered buildings, or Contaminate may cause inaccurate times.
  • Supply counts are checked every 10 seconds.